 Dungeon Crawl Stone Soup version 0.23.2-30-g0e89c35649 (webtiles) character file.

Game seed: 11645818668242955613

87 mahrnol the Sneak (level 4, -1/29 HPs)
             Began as a Halfling Assassin on June 17, 2019.
             Slain by a goblin (4 damage)
             ... led by Robin
             ... on level 2 of the Dungeon.
             The game lasted 00:10:18 (1959 turns).

mahrnol the Sneak (Halfling Assassin)               Turns: 1959, Time: 00:10:19

Health: -1/29      AC:  4    Str: 12    XL:     4   Next: 80%
Magic:  4/4        EV: 14    Int:  9    God:
Gold:   91         SH:  0    Dex: 16    Spells: 3/3 levels left

rFire    . . .     SeeInvis .   a - +2 dagger
rCold    . . .     Gourm    .   (shield restricted)
rNeg     . . .     Faith    .   c - +0 robe
rPois    .         Spirit   .   (no helmet)
rElec    .         Reflect  .   d - +0 cloak
rCorr    .         Harm     .   h - +0 pair of gloves (curse)
MR       .....                  (no boots)
Stlth    +++.......             (no amulet)
HPRegen  0.09/turn              (no ring)
MPRegen  0.09/turn              (no ring)

@: no status effects
A: small, mutation resistance 1
a: no special abilities


You were on level 2 of the Dungeon.
You were hungry.

You visited 1 branch of the dungeon, and saw 3 of its levels.

You collected 91 gold pieces.

Inventory:

Hand Weapons
 a - a +2 dagger (weapon)
 b - a +0 blowgun
Missiles
 e - 8 poisoned needles
 f - 2 curare-tipped needles
 i - 6 tomahawks (quivered)
 p - 19 bolts
 q - 15 arrows
 r - 16 sling bullets
Armour
 c - a +0 robe (worn)
 d - a +0 cloak (worn)
 h - a cursed +0 pair of gloves (worn)
Scrolls
 l - a scroll of blinking {unknown}
 n - 3 scrolls of identify {unknown}
 o - a scroll of fear {unknown}
 s - a scroll of enchant weapon {unknown}
 t - a scroll of remove curse {unknown}
Potions
 j - a potion of flight {unknown}
 m - a potion of cancellation {unknown}
 u - 4 potions of curing
Comestibles
 g - 4 rations
 k - 2 chunks of flesh


   Skills:
 - Level 1.7 Fighting
 + Level 3.4 Short Blades
 + Level 2.0 Throwing
 + Level 1.5 Dodging
 * Level 6.0 Stealth


You had 3 spell levels left.
You didn't know any spells.
Your spell library was empty.

Dungeon Overview and Level Annotations

Branches:
Dungeon (3/15)

Altars:
Yredelemnul

Annotations:
D:2 Robin


Innate Abilities, Weirdness & Mutations

You are small and have problems with some larger weapons.
You are somewhat resistant to further mutation.


Message History

Robin throws the goblin at you!
You hit the goblin.
You kill the goblin!
The goblin closely misses you.
Robin roars a battlecry!
Things that are here:
a +0 dagger; a goblin corpse The goblin no longer looks unusually strong.
Robin throws the goblin at you! The goblin closely misses you.
You hit the goblin.
The goblin is moderately wounded.
The goblin hits you but does no damage. The goblin hits you.
* * * LOW HITPOINT WARNING * * *
You closely miss the goblin.
The goblin is moderately wounded.
Some of the chunks of flesh in your inventory have rotted away.
You hit the goblin.
The goblin is heavily wounded.
The goblin hits you.
You die...

#.# #.# #.# #.#
#.# #.# #.# #g# #
#@# #.#g#
#####'#g#
......gg#
......g.#######.#
.........รท......#
...[...)#########
#####...# ##..#


You could see Robin and 5 goblins.

Vanquished Creatures
  2 gnolls
  2 dart slugs (D:1)
  2 leopard geckos (D:1)
  A ball python (D:1)
  6 giant cockroaches
  8 goblins
  7 hobgoblins
  2 jackals (D:1)
  4 kobolds (D:1)
  2 quokkas
  6 bats
  4 frilled lizards
  9 rats
55 creatures vanquished.

Notes
Turn   | Place    | Note
-------+----------+-------------------------------------------
     0 | D:1      | mahrnol the Halfling Assassin began the quest for the Orb.
     0 | D:1      | Reached XP level 1. HP: 14/14 MP: 1/1
   166 | D:1      | Reached XP level 2. HP: 15/19 MP: 2/2
   357 | D:1      | Reached skill level 5 in Stealth
   405 | D:1      | Reached XP level 3. HP: 18/24 MP: 3/3
  1085 | D:1      | Reached XP level 4. HP: 28/29 MP: 4/4
  1379 | D:2      | Noticed Robin
  1764 | D:2      | You fall through a shaft!
  1775 | D:3      | Found a basalt altar of Yredelemnul.
  1781 | D:3      | Reached skill level 6 in Stealth
  1959 | D:2      | Slain by a goblin

Skill      XL: |  1  2  3  4 |
---------------+-------------+-----
Stealth        | 5 6 |  6.0
Short Blades   | 3 |  3.4
Fighting       | |  1.7
Throwing       | |  2.0
Dodging        | |  1.5

Action                   |  1- 3 |  4- 6 || total
-------------------------+-------+-------++-------
Melee: Dagger            |   119 |    93 ||   212
 Stab: Sleeping          |     6 |     6 ||    12
  Eat: Chunk             |     1 |     2 ||     3
Armor: Robe              |    21 |    16 ||    37
Dodge: Dodged            |    83 |    86 ||   169
